 Dungeon Crawl Stone Soup version 0.29.1-12-g30fa7ad0bf (webtiles) character file.

Game seed: 15057030768721703224

438 Linkola the Covered (level 6, 0/53 HPs)
             Began as a Minotaur Fighter on Dec 25, 2022.
             Slain by ChadusMaximus's ghost (4 damage)
             ... on level 4 of the Dungeon.
             The game lasted 00:08:17 (3326 turns).

Linkola the Covered (Minotaur Fighter)              Turns: 3326, Time: 00:08:17

Health: 0/53       AC: 19    Str: 28    XL:     6   Next: 69%
Magic:  5/5        EV: 10    Int:  5    God:
Gold:   335        SH:  4    Dex: 10    Spells: 5/5 levels left

rFire   . . .      SeeInvis .   i - +3 dagger (protect)
rCold   . . .      Faith    .   c - +0 buckler
rNeg    . . .      Spirit   .   b - +0 scale mail
rPois   .          Reflect  .   (helmet restricted)
rElec   .          Harm     .   a - +1 cloak
rCorr   .          Rampage  .   o - +2 pair of gloves
Will    .....                   (no boots)
Stlth   ..........              (no amulet)
HPRegen 0.17/turn               m - +6 ring of strength
MPRegen 0.09/turn               (no ring)

@: under a protective aura
A: horns 2, retaliatory headbutt, sense surroundings 1
a: no special abilities


You were on level 4 of the Dungeon.
You visited 1 branch of the dungeon, and saw 4 of its levels.

You collected 335 gold pieces.

Inventory:

Hand Weapons
 i - a +3 dagger of protection (weapon)
Missiles
 n - 23 stones (quivered)
Armour
 a - a +1 cloak (worn)
 b - a +0 scale mail (worn)
 c - a +0 buckler (worn)
 o - a +2 pair of gloves (worn)
Jewellery
 m - a +6 ring of strength (left hand)
Wands
 q - a wand of mindburst (2)
 r - a wand of paralysis (6)
Scrolls
 h - 2 scrolls of teleportation
 s - a scroll of brand weapon
Potions
 d - a potion of might
 e - a potion of berserk rage {unknown}
 f - a potion of resistance {unknown}
 g - 5 potions of curing
 j - a potion of flight {unknown}
 k - a potion of mutation
 l - a potion of lignification {unknown}
 p - a potion of heal wounds {unknown}
 t - 2 potions of ambrosia {unknown}


   Skills:
 + Level 4.6 Fighting
 + Level 2.8(3.5) Short Blades
 + Level 3.6(4.2) Long Blades
 * Level 2.9 Throwing
 + Level 5.3 Armour
 + Level 1.8 Dodging
 + Level 4.3 Shields


You had 5 spell levels left.
You didn't know any spells.
Your spell library contained the following spells:

 Spells                   Type           Power      Damage    Failure   Level
 Beastly Appendage        Tmut           0%         N/A       82%         1
 Freeze                   Ice            0%         1d3       82%         1
 Wereblood                Tmut           0%         N/A       91%         2
 Frozen Ramparts          Ice            0%         1d1       99%         3
 Spider Form              Tmut/Pois      0%         N/A       99%         3
 Hailstorm                Conj/Ice       0%         3d3       100%        4
 Ice Form                 Ice/Tmut       0%         N/A       100%        4
 Summon Ice Beast         Ice/Summ       0%         N/A       100%        4


Dungeon Overview and Level Annotations

Branches:
Dungeon (4/15)
 Temple: D:4-7

Altars:

Annotations:
D:4 ChadusMaximus's ghost, amateur MiFi


Innate Abilities, Weirdness & Mutations

You have a pair of horns on your head.
You reflexively headbutt those who attack you in melee.
You passively map a small area around you.


Message History

You hit ChadusMaximus's ghost but do no damage.
ChadusMaximus's ghost is moderately damaged.
ChadusMaximus's ghost closely misses you.
You furiously retaliate!
You headbutt ChadusMaximus's ghost.
You hit ChadusMaximus's ghost but do no damage.
ChadusMaximus's ghost is moderately damaged.
You block ChadusMaximus's ghost's attack.
You barely miss ChadusMaximus's ghost.
ChadusMaximus's ghost is moderately damaged.
ChadusMaximus's ghost hits you but does no damage.
You hit ChadusMaximus's ghost but do no damage.
Your headbutt misses ChadusMaximus's ghost.
ChadusMaximus's ghost is moderately damaged.
You feel better.
ChadusMaximus's ghost hits you but does no damage.
You hit ChadusMaximus's ghost.
ChadusMaximus's ghost is heavily damaged.
You block ChadusMaximus's ghost's attack.
You hit ChadusMaximus's ghost but do no damage.
ChadusMaximus's ghost is heavily damaged.
ChadusMaximus's ghost hits you!
* * * LOW HITPOINT WARNING * * *
You hit ChadusMaximus's ghost. You headbutt ChadusMaximus's ghost.
ChadusMaximus's ghost is severely damaged.
ChadusMaximus's ghost hits you but does no damage.
You hit ChadusMaximus's ghost.
ChadusMaximus's ghost is severely damaged.
You block ChadusMaximus's ghost's attack.
You puncture ChadusMaximus's ghost!
ChadusMaximus's ghost is almost destroyed.
ChadusMaximus's ghost hits you.
* * * LOW HITPOINT WARNING * * *
You hit ChadusMaximus's ghost but do no damage.
ChadusMaximus's ghost is almost destroyed.
ChadusMaximus's ghost screams, "You must not succeed where I failed!"
ChadusMaximus's ghost hits you but does no damage.
It was a potion of mutation.
You feel extremely strange.
You feel a strange attunement to the structure of the dungeons.
ChadusMaximus's ghost hits you.
You die...

#..#..#..(=.. #..#....## #.#
##.#..##..... #..#.....##
#.#
#.#...###($##..##......###.#
#.##....####...#........##.#
#..#..........##...........#
#..##.........#.........####
#...##......Y##........##
#.#..###'''###..#.....##
#............W@.##...##
###.....####.##.######
#.##### #....# #.# ####.#
#.# #.# #.# #.# #####.###
###.# ........#
#...###############
.######.#
#..................


You could see ChadusMaximus's ghost.

Vanquished Creatures
  A black bear (D:4)
  A phantom (D:4)
  2 hounds (D:3)
  A jelly (D:4)
  Jessica (D:2)
  3 scorpion simulacra (D:4)
  2 gnolls
  3 adders
  2 dart slugs
  An orc (D:4)
  4 ball pythons
  9 endoplasms
  3 giant cockroaches
  5 goblins
  7 hobgoblins
  2 jackals (D:2)
  10 bats
  6 frilled lizards
  9 kobolds
  9 rats
81 creatures vanquished.

Vanquished Creatures (others)
  6 plants (D:1)
6 creatures vanquished.

Grand Total: 87 creatures vanquished

Notes
Turn   | Place    | Note
-------+----------+-------------------------------------------
     0 | D:1      | Linkola the Minotaur Fighter began the quest for the Orb.
     0 | D:1      | Reached XP level 1. HP: 19/19 MP: 0/0
   170 | D:1      | Reached XP level 2. HP: 27/27 MP: 1/1
   472 | D:1      | You fall into a shaft and drop 1 floor!
   526 | D:2      | Reached skill level 4 in Armour
   526 | D:2      | Reached XP level 3. HP: 33/33 MP: 2/2
   541 | D:2      | Reached skill level 1 in Throwing
   699 | D:2      | Noticed Jessica
   706 | D:2      | Killed Jessica
   707 | D:2      | Reached skill level 1 in Dodging
   707 | D:2      | Reached XP level 4. HP: 33/40 MP: 3/3
   948 | D:2      | Found a faded altar of an unknown god.
  1424 | D:3      | Identified the +1 robe "Pophozxa" {Dex+4}
  1856 | D:3      | Reached skill level 1 in Short Blades
  2137 | D:3      | Reached XP level 5. HP: 45/47 MP: 4/4
  2280 | D:4      | Found the +1 Delatra's gloves {ID++}
  2342 | D:4      | Found a runed translucent gate.
  2342 | D:4      | Found a runed translucent gate.
  2342 | D:4      | Found a runed translucent gate.
  2347 | D:4      | Noticed an ice beast
  2370 | D:4      | Noticed a black bear
  2377 | D:4      | Killed a black bear
  2378 | D:4      | Reached skill level 5 in Armour
  2378 | D:4      | Reached XP level 6. HP: 53/53 MP: 5/5
  3224 | D:4      | Noticed ChadusMaximus's ghost (amateur MiFi)
  3326 | D:4      | Gained mutation: You passively map a small area around you.
                  | [potion of mutation]
  3326 | D:4      | Slain by ChadusMaximus's ghost

Illustrated notes

Levels and vault maps discovered:
D:1:      denvon_arrival_waterhouse, layout_rooms, serial_bayou_pond_c,
          grunt_decor_one_mirror
D:2:      layout_basic, nicolae_ecumenical_snake_handling, minivault_24,
          minmay_tetromino_i4, uniq_jessica
D:3:      layout_loops_ring, glass_columns_b, cheibrodos_gnoll_hut
D:4:      layout_loops_corners, gammafunk_ghost_icy

Skill      XL: |  1  2  3  4  5 |
---------------+----------------+-----
Long Blades    | 3 |  3.6
Fighting       | 4 |  4.6
Armour         | 4 5 |  5.3
Throwing       | 1 2 |  2.9
Dodging        | 1 |  1.8
Shields        | 4 |  4.3
Short Blades   | 1 2 |  2.8

Action                   |  1- 3 |  4- 6 || total
-------------------------+-------+-------++-------
Melee: Long sword        |    29 |       ||    29
       Headbutt          |     6 |    25 ||    31
       Dagger            |    47 |   120 ||   167
Throw: Stone             |       |    39 ||    39
  Use: Scroll            |     4 |     6 ||    10
       Potion            |       |     2 ||     2
Armor: Scale mail        |    31 |    39 ||    70
Dodge: Dodged            |    37 |    47 ||    84
Block: Buckler           |    19 |    18 ||    37
